 Dungeon Crawl Stone Soup version 0.20-a0-823-gdec668e (webtiles) character file.

316 Amciq the Sneak (level 6, -1/43 HPs)
             Began as an Octopode Berserker on Mar 5, 2017.
             Was a Priest of Trog.
             Slain by an adder (3 damage)
             ... on level 4 of the Dungeon.
             The game lasted 00:06:50 (2998 turns).

Amciq the Sneak (Octopode Berserker)                Turns: 2998, Time: 00:06:50

Health: -1/43      AC:  1    Str: 17    XL:     6   Next: 44%
Magic:  6/6        EV: 15    Int: 10    God:    Trog [***...]
Gold:   74         SH:  0    Dex: 12    Spells: 5/5 levels left

rFire    . . .     SeeInvis .     - Unarmed
rCold    . . .     Gourm    .   (no shield)
rNeg     . . .     Faith    .   (helmet restricted)
rPois    .         Spirit   .   (no amulet)
rElec    .         Reflect  .   (no ring)
rCorr    .         Harm     .   (no ring)
MR       .....                  (no ring)
Stlth    ++++......             (no ring)
Regen    0.2/turn               (no ring)
MPRegen  0.1/turn               (no ring)
                                (no ring)
                                (no ring)

@: exhausted, slowed, very slow
A: almost no armour, stealthy swim, amphibious, 8 rings, constrict 8, camouflage
1, gelatinous body 1
a: Berserk, Trog's Hand, Burn Spellbooks, Renounce Religion


You were on level 4 of the Dungeon.
You worshipped Trog.
Trog was most pleased with you.
You were near starving.

You visited 1 branch of the dungeon, and saw 4 of its levels.

You collected 74 gold pieces.

Inventory:

Scrolls
 b - a scroll of blinking {unknown}
 c - 7 scrolls of identify {unknown}
 e - a scroll of magic mapping {unknown}
 j - 4 scrolls of teleportation {unknown}
 k - a scroll of noise {unknown}
 l - a scroll of fear {unknown}
 n - a scroll of random uselessness {unknown}
 p - a scroll of enchant armour {unknown}
 q - 3 scrolls of remove curse {unknown}
 s - a scroll of enchant weapon {unknown}
Potions
 d - 3 potions of lignification {unknown}
 h - 2 potions of haste {unknown}
 i - 2 potions of agility {unknown}
 o - 2 potions of curing {unknown}
 r - a potion of heal wounds {unknown}
 t - a potion of resistance {unknown}
 u - a potion of flight {unknown}
Comestibles
 a - 4 bread rations
 f - a meat ration
 g - 2 royal jellies
 m - 3 chunks of flesh


   Skills:
 + Level 4.2 Fighting
 + Level 4.2 Dodging
 * Level 4.9 Stealth
 + Level 4.2 Unarmed Combat


You had 5 spell levels left.
You didn't know any spells.

Dungeon Overview and Level Annotations

Branches:
Dungeon (4/15)
 Temple: D:4-7

Altars:
Nemelex Xobeh

Annotations:
D:4 Amciq's ghost, novice MiBe


Innate Abilities, Weirdness & Mutations

You cannot wear most types of armour.
You are very stealthy in the water. (Stealth+)
You are amphibious.
You can wear up to eight rings at the same time.
You can use your tentacles to constrict eight enemies at once.
Your skin changes colour to match your surroundings (Stealth+).
Your rubbery body absorbs attacks. (AC +1, EV +1)


Message History

Amciq's ghost closely misses you.
A dart slug comes into view.
You barely miss Amciq's ghost.
You tentacle-slap Amciq's ghost, but do no damage.
Amciq's ghost barely misses you. Amciq's ghost hits you.
An orc comes into view. It is wielding a hand axe.
The adder completely misses you. Amciq's ghost hits you. The adder bites you.
The adder closely misses you. Amciq's ghost completely misses you.
You see here a hand axe.
The adder bites you. The adder misses you. Amciq's ghost hits you!
There is a stone staircase leading up, spattered with blood here.
The adder bites you.
* * * LOW HITPOINT WARNING * * *
Amciq's ghost hits you!
* * * LOW HITPOINT WARNING * * *
The adder bites you.
You die...

#......
#......
#.....#
#.....#
#......
#....#
##....#
#....@#
#...WS##
#....).#
#....w.#
#......#
#......#
##....##
#...o#
#.....#


You could see Amciq's ghost, an adder, a dart slug and an orc (wandering).

Vanquished Creatures
  A centaur (D:3)
  An orc priest (D:3)
  An orc wizard (D:3)
  A worker ant (D:4)
  6 adders
  An ooze (D:1)
  2 worms
  A dart slug (D:2)
  4 leopard geckos
  6 orcs
  3 giant cockroaches
  10 hobgoblins
  2 jackals (D:2)
  7 kobolds
  2 quokkas
  4 ball pythons
  7 bats
  13 frilled lizards
  9 goblins
  7 rats
88 creatures vanquished.

Notes
Turn   | Place    | Note
-------+----------+-------------------------------------------
     0 | D:1      | Amciq the Octopode Berserker began the quest for the Orb.
     0 | D:1      | Reached XP level 1. HP: 16/16 MP: 1/1
   128 | D:1      | Reached skill level 1 in Stealth
   132 | D:1      | Reached XP level 2. HP: 21/21 MP: 2/2
   361 | D:1      | Reached ** piety under Trog
   525 | D:1      | Reached XP level 3. HP: 26/26 MP: 3/3
  1194 | D:2      | Found a faded altar of an unknown god.
  1199 | D:2      | Reached XP level 4. HP: 22/31 MP: 4/4
  1926 | D:2      | Reached *** piety under Trog
  2031 | D:3      | Reached XP level 5. HP: 37/37 MP: 5/5
  2591 | D:3      | Noticed a centaur
  2601 | D:3      | Killed a centaur
  2601 | D:3      | Reached XP level 6. HP: 23/43 MP: 6/6
  2817 | D:3      | Found a sparkling altar of Nemelex Xobeh.
  2986 | D:4      | Noticed Amciq's ghost (novice MiBe)
  2998 | D:4      | HP: 2/43 [Amciq's ghost (8)]
  2998 | D:4      | Slain by an adder

Vault maps used:
D:1:      sevenhm_arrival_forest_fort_small_3, minmay_misc_feat_secret_circle,
          st_stairs_5, minmay_unequal
D:2:      chequers_ecumenical_altar_island, grunt_decor_arrowhead
D:3:      nemelex_xobeh_ov_fountains_minmay, first_bread
D:4:      tgw_sif, kennysheep_another_room, doesnt_xom_only_xom, uniq_eustachio

Skill      XL: |  1  2  3  4  5 |
---------------+----------------+-----
Stealth        | 1 2 3 4 |  4.9
Unarmed Combat | 4 |  4.2
Fighting       | 4 |  4.2
Dodging        | 4 |  4.2

Action                   |  1- 3 |  4- 6 || total
-------------------------+-------+-------++-------
Melee: Unarmed           |    72 |    90 ||   162
       Constrict         |    23 |    31 ||    54
       Tentacles         |    17 |    21 ||    38
       Punch             |     2 |     3 ||     5
Invok: Berserk           |     1 |     7 ||     8
 Stab: Sleeping          |    10 |     8 ||    18
  Eat: Chunk             |     2 |    10 ||    12
Armor: Skin              |     3 |     5 ||     8
Dodge: Dodged            |    31 |    58 ||    89
